AoeStats
← 星之清风

Lombardia

509325341Analyzed
4v4 RM · 5d ago on Sep 26, 2026· 54m 53s· 8 players
Game mode
Random Map
Map size
Large (8 player)
Population
200
Speed
Normal
Resources
Standard
Victory
Conquest
Starting age
Dark Age
Ending age
Imperial Age
RankedLock teamsTeams togetherTeam positionsShared explorationLock speedFull tech treeHidden civsTurbo modeCheats
Victory
Defeat
🇯🇵 Romans · Japan
1039
+13
🇮🇳 Italians · India
1015
+14
🇮🇳 Vikings · India
1005
+14
🇨🇳 Chinese · China
986
+15
🇰🇼 Koreans · Kuwait
1067
-18
🇺🇸 Aztecs · United States
1038
-17
🇨🇳 Hindustanis · China
901
-11
🇵🇱 Teutons · Poland
868
-10
Maverick
11:29 Feudal Age
16:03 Castle Age
15:12 Double-Bit Axe
15:20 Gold Mining
15:11 Horse Collar
15:25 Stone Mining
18:20 Bow Saw
18:14 Heavy Plow
18:06 Loom
23:01 Town Watch
23:40 Squires
30:58 Forging
30:49 Scale Mail Armor
30:41 Arson
34:16 Imperial Age
34:18 Iron Casting
33:58 Chain Mail Armor
35:15 Gold Shaft Mining
35:30 Conscription
35:11 Chieftains
34:32 Elite Berserk
35:48 Hoardings
36:39 Elite Varangian Guard
38:21 Blast Furnace
37:51 Plate Mail Armor
37:12 Fletching
38:25 Murder Holes
38:52 Ballistics
39:07 Pikeman
40:50 Two-Man Saw
40:22 Crop Rotation
49:24 Chemistry
48:31 Siege Engineers
48:36 Masonry
54:05 Bodkin Arrow
LWwcnm
10:10 Feudal Age
11:44 Horse Collar
19:05 Castle Age
17:47 Double-Bit Axe
23:02 Bow Saw
22:50 Stone Mining
22:54 Gold Mining
25:04 Wheelbarrow
25:34 Loom
26:26 Heavy Plow
28:39 Gold Shaft Mining
28:31 Man-at-Arms
29:12 Squires
29:17 Scale Mail Armor
29:27 Forging
29:40 Hand Cart
32:34 Imperial Age
33:04 Ballistas
32:57 Heavy Scorpion
34:00 Conscription
36:09 Chemistry
36:20 Siege Engineers
36:38 Ballistics
36:26 Town Watch
38:13 Crop Rotation
38:16 Caravan
38:28 Guilds
38:40 Capped Ram
39:29 Pikeman
42:27 Chain Mail Armor
42:48 Iron Casting
41:37 Halberdier
44:00 Siege Ram
53:09 Long Swordsman
Avalon
1:28 Loom
9:37 Feudal Age
12:09 Horse Collar
12:15 Double-Bit Axe
16:14 Castle Age
16:49 Wheelbarrow
24:30 Gold Mining
27:36 Light Cavalry
29:00 Forging
33:20 Bloodlines
33:10 Husbandry
33:47 Iron Casting
33:12 Scale Mail Armor
33:13 Fletching
33:57 Scale Mail Armor
34:07 Scale Barding Armor
37:16 Imperial Age
34:35 Town Watch
35:12 Hand Cart
34:47 Town Watch
38:47 Conscription
38:23 Bodkin Arrow
38:29 Padded Archer Armor
37:51 Hussar
38:46 Pirotechnia
39:06 Bracer
39:47 Ballistics
40:27 Chemistry
42:41 Leather Archer Armor
43:52 Ring Archer Armor
45:21 Thumb Ring
45:46 Caravan
47:15 Blast Furnace
46:36 Chain Barding Armor
46:21 Elite Genoese Crossbowman
47:23 Silk Road
47:42 Bow Saw
星之清风
0:37 Loom
10:24 Feudal Age
16:18 Castle Age
14:28 Horse Collar
15:17 Gold Mining
15:18 Double-Bit Axe
15:42 Stone Mining
17:44 Bow Saw
17:50 Heavy Plow
19:19 Wheelbarrow
19:37 Wheelbarrow
22:53 Town Watch
24:55 Hand Cart
27:10 Gold Mining
27:55 Stone Shaft Mining
29:36 Fletching
29:49 Padded Archer Armor
29:49 Scale Mail Armor
30:02 Forging
33:24 Imperial Age
32:18 Gold Shaft Mining
32:13 Bodkin Arrow
32:34 Leather Archer Armor
32:34 Chain Mail Armor
34:06 Iron Casting
33:52 Elite Chu Ko Nu
34:53 Conscription
34:56 Rocketry
34:38 Great Wall
34:42 Bracer
35:12 Ring Archer Armor
34:25 Pikeman
35:06 Squires
34:47 Elite Fire Lancer
35:20 Arson
36:08 Plate Mail Armor
35:34 Halberdier
37:19 Blast Furnace
36:43 Ballistics
36:34 Masonry
37:25 Chemistry
38:16 Town Patrol
39:09 Thumb Ring
38:33 Heavy Rocket Cart
40:52 Capped Ram
43:13 Scale Barding Armor
44:56 Caravan
45:54 Bloodlines
45:45 Husbandry
45:06 Cavalier
48:20 Chain Barding Armor
54:32 Capped Ram
ZigzagSinger667
14:35 Feudal Age
14:41 Feudal Age
17:13 Double-Bit Axe
17:12 Horse Collar
24:14 Castle Age
22:36 Man-at-Arms
27:31 Heavy Plow
27:25 Stone Mining
27:29 Gold Mining
33:16 Wheelbarrow
37:17 Imperial Age
36:56 Long Swordsman
41:21 Pikeman
43:14 Elite Skirmisher
43:14 Crossbowman
44:07 Padded Archer Armor
44:13 Scale Barding Armor
44:09 Scale Mail Armor
44:19 Forging
44:00 Fletching
45:15 Cavalier
Jundi Leads
8:03 Loom
11:55 Feudal Age
17:45 Castle Age
17:52 Wheelbarrow
17:06 Double-Bit Axe
17:05 Horse Collar
18:25 Pikeman
20:22 Bow Saw
21:47 Fervor
21:59 Sanctity
25:51 Redemption
27:39 Hand Cart
33:12 Heavy Plow
33:33 Scale Mail Armor
40:50 Imperial Age
40:56 Imperial Age
40:35 Padded Archer Armor
40:26 Fletching
40:52 Chain Mail Armor
40:47 Forging
43:31 Theocracy
43:22 Illumination
43:13 Block Printing
42:58 Atonement
42:22 Elite Skirmisher
43:36 Capped Ram
45:21 Leather Archer Armor
45:02 Bodkin Arrow
Poster3542
7:32 Loom
10:38 Feudal Age
14:58 Castle Age
13:54 Double-Bit Axe
17:48 Horse Collar
19:33 Wheelbarrow
21:29 Bow Saw
22:58 Hand Cart
25:56 Heavy Plow
25:49 Gold Mining
26:02 Town Watch
27:20 Gold Shaft Mining
28:19 Caravan
29:44 Caravan
32:20 Imperial Age
30:31 Stone Mining
32:03 Eupseong
32:17 Town Patrol
33:26 Conscription
34:38 Two-Man Saw
35:17 Thumb Ring
36:34 Fletching
37:03 Elite War Wagon
38:38 Ballistics
40:17 Heavy Rocket Cart
42:47 Chemistry
41:33 Arrowslits
41:54 Bodkin Arrow
42:51 Light Cavalry
43:32 Husbandry
46:39 Fortified Wall
46:35 Siege Engineers
46:40 Masonry
46:11 Treadmill Crane
46:28 Murder Holes
52:45 Hussar
53:32 Bracer
626464865
5:15 Loom
11:48 Feudal Age
12:55 Double-Bit Axe
16:20 Castle Age
15:26 Horse Collar
18:37 Wheelbarrow
23:05 Bow Saw
25:44 Hand Cart
26:50 Heavy Plow
30:40 Imperial Age
29:25 Husbandry
29:38 Scale Barding Armor
29:45 Forging
29:48 Bloodlines
30:49 Chain Barding Armor
30:52 Gold Mining
32:03 Iron Casting
30:50 Heavy Camel Rider
33:13 Two-Man Saw
32:51 Gold Shaft Mining
33:27 Grand Trunk Road
33:48 Conscription
32:58 Imperial Camel Rider
34:18 Plate Barding Armor
35:57 Blast Furnace
37:44 Light Cavalry
39:22 Hussar
45:44 Padded Archer Armor
45:34 Fletching
46:30 Elite Skirmisher
47:32 Caravan
49:17 Leather Archer Armor
48:57 Bodkin Arrow
Connection lost

Rejoining the realm…

Still unreachable

The connection could not be restored.

Session expired

The server has moved on; the page needs a fresh start.